 Dungeon Crawl Stone Soup version 0.17.2-1-ge4368a0 (webtiles) character file.

40 Melancholia the Insei (level 3, -4/29 HPs)
             Began as a Mummy Monk on Apr 20, 2017.
             Slain by a worker ant (5 damage)
             ... on level 3 of the Dungeon.
             The game lasted 00:02:23 (2394 turns).

Melancholia the Insei (Mummy Monk)                  Turns: 2394, Time: 00:02:24

Health: -4/29      AC:  0    Str: 14    XL:     3   Next: 30%
Magic:  3/3        EV: 13    Int:  9    God:
Gold:   125        SH:  0    Dex: 15    Spells: 0 memorised, 2 levels left

rFire  x . .     SeeInvis .       - Unarmed
rCold  + . .     Clarity  .     (no armour)
rNeg   + + +     SustAt   .     (no shield)
rPois  ∞         Gourm    .     (no helmet)
rElec  .         Spirit   .     (no cloak)
rCorr  .         Warding  .     (no gloves)
rMut   .         Stasis   .     (no boots)
MR     .....                    (no amulet)
Stlth  ++........               e - ring of positive energy
                                (no ring)

@: not resistant to hostile enchantments, unstealthy
A: no food or potions, fire vulnerability, cold resistance 1, negative energy
resistance 3, torment resistance, unbreathing
a: no special abilities


You were on level 3 of the Dungeon.
You were not hungry.

You visited 1 branch of the dungeon, and saw 3 of its levels.

You collected 125 gold pieces.


Innate Abilities, Weirdness & Mutations

You do not eat or drink.
Your flesh is vulnerable to fire.
You are immune to poison.
Your flesh is cold resistant.
You are immune to negative energy.
You are immune to unholy pain and torment.
You can survive without breathing.


   Skills:
 - Level 3.0 Fighting
 - Level 2.4 Dodging
 - Level 1.5 Stealth
 + Level 4.2 Unarmed Combat


You had 2 spell levels left.
You didn't know any spells.

Inventory:

Jewellery
 e - a ring of positive energy (right hand)
Scrolls
 a - 3 scrolls of identify {unknown}
 b - 3 scrolls of remove curse {unknown}
 c - a scroll of recharging {unknown}
 d - 2 scrolls of immolation {unknown}
 f - a scroll of magic mapping {unknown}
 g - a scroll of fog {unknown}
 h - a scroll of amnesia {unknown}
 i - a scroll of teleportation {unknown}
 j - a scroll of random uselessness {unknown}

Dungeon Overview and Level Annotations

Branches:
Dungeon (3/15)

Altars:
Gozag

.. ▒.▒
....▒▒▒.▒▒
........<▒
▒▒▒.▒▒▒.▒▒ ...
▒.▒ ...l ▒.▒
..?..▒▒.▒
........▒
....▒▒▒M▒
▒▒▒....B.......
▒▒▒▒▒.▒▒▒....
▒.▒ .. ▒.▒ ▒.▒
▒.▒ ..▒


You could see a worker ant and a giant newt (sleeping).


Message History

The worker ant is heavily wounded!
The worker ant bites you!
You take 1 damage, and have 17/29 hp!
You are too injured to fight recklessly!!!
You are too injured to fight recklessly!!!
You closely miss the worker ant!
The worker ant is heavily wounded!
The worker ant closely misses you!
You squash the worker ant but do no damage!
The worker ant is heavily wounded!
The worker ant bites you! * * * don't die
* * * You take 6 damage, and have 11/29 hp!
MASSIVE DAMAGE!!!!!!
You squash the worker ant but do no damage!
The worker ant is heavily wounded!
The worker ant bites you! * * * don't die
* * * You take 6 damage, and have 5/29 hp!
MASSIVE DAMAGE!!!!!!
You squash the worker ant but do no damage!
The worker ant is heavily wounded!
The worker ant completely misses you!
You squash the worker ant like the proverbial ant!
The worker ant is heavily wounded!
The worker ant misses you!
The worker ant bites you! * * * don't die
* * * You take 4 damage, and have 1/29 hp!
You barely miss the worker ant!
The worker ant is heavily wounded!
The worker ant bites you! rip

Action                   || total
-------------------------++-------
Melee: Unarmed           ||   103
 Stab: Sleeping          ||     4

Vault maps used:
D:1:      onia_arrival_zoo_common, minmay_misc_feat_cross
D:2:      lemuel_coloured_pillars_altar
D:3:      old_standard_altar, grunt_qazlal_sundering

Notes
Turn   | Place    | Note
--------------------------------------------------------------
     0 | D:1      | Melancholia the Mummy Monk began the quest for the Orb.
     0 | D:1      | Reached XP level 1. HP: 18/18 MP: 1/1
    13 | D:1      | Noticed an anaconda
    13 | D:1      | Noticed a polar bear
    13 | D:1      | Noticed a wyvern
    13 | D:1      | Noticed an iguana
   672 | D:1      | Reached XP level 2. HP: 18/24 MP: 2/2
  1461 | D:1      | Reached skill level 4 in Unarmed Combat
  1829 | D:2      | Found an opulent altar of Gozag.
  1948 | D:2      | Reached XP level 3. HP: 19/29 MP: 3/3
  2393 | D:3      | HP: 1/29 [worker ant (4)]
  2394 | D:3      | Slain by a worker ant

Vanquished Creatures
  An adder (D:2)
  2 ball pythons (D:1)
  2 bats (D:1)
  A giant cockroach (D:2)
  4 hobgoblins
  6 kobolds
  2 giant newts (D:1)
  5 goblins
  10 rats
33 creatures vanquished.
